 Dungeon Crawl Stone Soup version 0.24-a0-67-ga78bd38 (webtiles) character file.

Game seed: 198508531327707625

735 JeffiDaFish the Skirmisher (level 7, 0/46 HPs)
             Began as a Gargoyle Fighter on Feb 5, 2019.
             Slain by an ogre
             ... wielding a +0 giant club
              (13 damage)
             ... on level 4 of the Dungeon.
             The game lasted 00:08:04 (3901 turns).

JeffiDaFish the Skirmisher (Gargoyle Fighter)       Turns: 3901, Time: 00:08:04

Health: 0/46       AC: 27    Str: 21    XL:     7   Next: 74%
Magic:  7/7        EV:  5    Int:  9    God:
Gold:   235        SH:  9    Dex:  9    Spells: 6/6 levels left

rFire    + . .     SeeInvis .   m - +2 flail (protect)
rCold    . . .     Gourm    .   c - +0 shield
rNeg     + . .     Faith    .   n - +3 chain mail {rF+}
rPois    ∞         Spirit   .   (no helmet)
rElec    +         Reflect  .   (no cloak)
rCorr    +         Harm     .   k - +2 pair of gloves
MR       .....                  (no boots)
Stlth    ..........             (no amulet)
HPRegen  0.15/turn              a - ring of resist corrosion
MPRegen  0.10/turn              (no ring)

@: protection aura
A: negative energy resistance 1, electricity resistance, unbreathing,
petrification resistance, rot immunity, AC +4
a: no special abilities


You were on level 4 of the Dungeon.
You were not hungry.

You visited 1 branch of the dungeon, and saw 5 of its levels.

You collected 235 gold pieces.

Inventory:

Hand Weapons
 m - a +2 flail of protection (weapon)
Armour
 c - a +0 shield (worn)
 k - a +2 pair of gloves (worn)
 n - a +3 chain mail of fire resistance (worn)
Jewellery
 a - a ring of resist corrosion (left hand)
Scrolls
 e - 2 scrolls of remove curse
 i - 3 scrolls of identify
 l - a scroll of teleportation
Potions
 d - 4 potions of might
 h - a potion of agility
Comestibles
 f - 6 rations


   Skills:
 * Level 6.2 Fighting
 * Level 5.1 Maces & Flails
 + Level 4.9 Armour
 + Level 4.8 Shields


You had 6 spell levels left.
You didn't know any spells.
Your spell library contained the following spells:

 Spells                   Type           Power        Failure   Level  Hunger
 Animate Skeleton         Necr           N/A          100%        1    ##.....
 Apportation              Tloc           #.....       100%        1    ##.....
 Confusing Touch          Hex            #.....       100%        1    ##.....
 Summon Small Mammal      Summ           #...         100%        1    ##.....


Dungeon Overview and Level Annotations

Branches:
Dungeon (5/15)             Temple (0/1) D:5

Altars:
Ashenzari
Dithmenos
Fedhas


Innate Abilities, Weirdness & Mutations

You are resistant to torment.
Your stone body is resilient. (AC +4)
You are immune to poison.
You resist negative energy. (rN+)
You are resistant to electric shocks. (rElec)
You can survive without breathing.
You are immune to petrification.
You are immune to rotting.


Message History

You block the gnoll's attack. x2
An ogre comes into view. It is wielding a +0 giant club.
Your chain mail prevents you from hitting the gnoll.
The gnoll is severely wounded.
You block the gnoll's attack. The gnoll hits you but does no damage.
The crimson imp blinks!
The gnoll hits you but does no damage. You block the gnoll's attack.
The ogre hits you with a +0 giant club!!
* * * LOW HITPOINT WARNING * * *
Found a shattered altar of Ashenzari.
There is a stone staircase leading up here.
The ogre hits you but does no damage.
You climb upwards.
There is a stone staircase leading down here.
You hit the ogre.
Your weapon exudes an aura of protection.
The ogre is lightly wounded.
The ogre hits you with a +0 giant club!
You die...

# #....#...########....##########
###....#...##....................
.......#...##....................
.......#.........................
.......#..................#######
.......#..................#######
.......#.........................
.......#...≈≈.#####..............
##########≈≈≈..O@.#..............
.......##≈≈≈......#.......#######
......##≈≈≈#......#.......#
.....##≈≈≈##......#.......#
....##≈≈≈###......#.......#
...##≈≈≈##.#......#.......#
..##≈≈≈##..#......#.......#
.##≈≈≈##...#......#.......#
##≈≈≈##....#......#.......#


You could see an ogre.

Vanquished Creatures
  Edmund (D:4)
  2 ogres (D:4)
  A scorpion (D:5)
  2 crimson imps
  A jelly (D:5)
  An orc wizard (D:3)
  A centaur skeleton (D:4)
  2 worker ants (D:4)
  A hound zombie (D:4)
  4 adders
  4 gnolls (D:3)
  2 oozes (D:2)
  3 worms
  2 dart slugs (D:1)
  2 leopard geckos
  10 orcs
  A ball python (D:1)
  6 bats
  5 giant cockroaches
  6 goblins
  9 hobgoblins
  4 jackals
  8 kobolds
  3 quokkas
  8 frilled lizards
  6 rats
95 creatures vanquished.

Notes
Turn   | Place    | Note
-------+----------+-------------------------------------------
     0 | D:1      | JeffiDaFish the Gargoyle Fighter began the quest for the
                  | Orb.
     0 | D:1      | Reached XP level 1. HP: 14/14 MP: 1/1
    56 | D:1      | Reached XP level 2. HP: 19/19 MP: 2/2
   275 | D:1      | Reached XP level 3. HP: 24/24 MP: 3/3
   782 | D:2      | Reached skill level 4 in Fighting
   782 | D:2      | Reached XP level 4. HP: 28/29 MP: 4/4
  1029 | D:2      | Found a shadowy altar of Dithmenos.
  1043 | D:2      | Reached XP level 5. HP: 30/34 MP: 5/5
  2177 | D:3      | Reached XP level 6. HP: 32/40 MP: 6/6
  2216 | D:3      | Found a faded altar of an unknown god.
  2617 | D:4      | Reached skill level 5 in Fighting
  2758 | D:4      | Found a blossoming altar of Fedhas.
  2977 | D:4      | Noticed Edmund
  3029 | D:4      | Killed Edmund
  3029 | D:4      | Reached XP level 7. HP: 45/45 MP: 7/7
  3470 | D:4      | HP: 2/45 [ogre/+0 giant club (6)]
  3858 | D:5      | Entered Level 5 of the Dungeon
  3861 | D:5      | Found a staircase to the Ecumenical Temple.
  3872 | D:5      | Reached skill level 6 in Fighting
  3879 | D:5      | Reached skill level 5 in Maces & Flails
  3896 | D:5      | Found a shattered altar of Ashenzari.
  3901 | D:4      | Slain by an ogre

Vault maps used:
D:1:      lemuel_arrival_room
D:2:      kennysheep_six_static_rooms, old_standard_altar, minivault_27
D:3:      chequers_ecumenical_altar_simple, minmay_distorted
D:4:      kennysheep_mini_moat, first_ration, kennysheep_opposing_triangles,
          uniq_edmund
D:5:      nicolae_overflow_hidden_temple, minmay_temple_entry_arrows,
          makhleb_blood_cavern_becter

Skill      XL: |  1  2  3  4  5  6  7 |
---------------+----------------------+-----
Fighting       | 4 5 6 |  6.2
Maces & Flails | 3 4 5 |  5.1
Shields        | 4 |  4.8
Armour         | 4 |  4.9

Action                   |  1- 3 |  4- 6 |  7- 9 || total
-------------------------+-------+-------+-------++-------
Melee: Flail             |   110 |   276 |    43 ||   429
  Use: Potion            |     4 |     2 |     1 ||     7
       Scroll            |     3 |     3 |       ||     6
  Eat: Chunk             |       |     7 |     3 ||    10
Armor: Scale mail        |    54 |    88 |       ||   142
       Plate armour      |       |    68 |       ||    68
       Chain mail        |       |       |    37 ||    37
Dodge: Dodged            |    41 |    75 |    11 ||   127
Block: Shield            |    56 |   140 |    28 ||   224

Table legend:
 A = Non-vault XP
 B = Vault XP
 C = Vault XP percentage of total XP
 D = Non-vault monster count
 E = Vault monster count
 F = Vault count percentage of total count
                 A         B        C        D         E       F
            +---------+---------+-------+---------+---------+-------
      Total |     859 |     192 |  18.3 |      84 |      11 |  11.6
            +---------+---------+-------+---------+---------+-------
        D:1 |      48 |       0 |   0.0 |      25 |       0 |   0.0
        D:2 |     105 |      17 |  13.9 |      16 |       6 |  27.3
        D:3 |     146 |       5 |   3.3 |      23 |       2 |   8.0
        D:4 |     391 |     170 |  30.3 |      15 |       3 |  16.7
        D:5 |     169 |       0 |   0.0 |       5 |       0 |   0.0
            +---------+---------+-------+---------+---------+-------
